 Dungeon Crawl Stone Soup version 0.25.0-15-gac7dcb8919 (webtiles) character file.

Game seed: 5450703366160586107

336 grindst0ne the Skirmisher (level 6, -9/53 HPs)
             Began as a Human Chaos Knight on June 28, 2020.
             Was a Plaything of Xom.
             Killed by divine providence
             ... invoked by an orc priest
              (14 damage)
             ... on level 3 of the Dungeon.
             The game lasted 00:04:29 (3190 turns).

grindst0ne the Skirmisher (Human Chaos Knight)      Turns: 3190, Time: 00:04:30

Health: -9/53      AC: 11    Str: 17    XL:     6   Next: 84%
Magic:  6/6        EV:  4    Int: 12    God:    Xom [...*..]
Gold:   151        SH:  0    Dex: 12    Spells: 5/5 levels left

rFire    . . .     SeeInvis .   a - +0 hand axe (chaos)
rCold    . . .     Gourm    .   (no shield)
rNeg     . . .     Faith    .   o - +0 plate armour
rPois    .         Spirit   .   i - +0 helmet
rElec    .         Reflect  .   (no cloak)
rCorr    .         Harm     .   (no gloves)
MR       .....                  (no boots)
Stlth    ..........             (no amulet)
HPRegen  0.17/turn              (no ring)
MPRegen  0.10/turn              (no ring)

@: heavily drained
A: blink, strong 1, wild magic 1, MP-powered wands
a: Blink, Renounce Religion


You were on level 3 of the Dungeon.
You worshipped Xom.
You were a favourite toy of Xom.
You were not hungry.

You visited 1 branch of the dungeon, and saw 3 of its levels.

You collected 151 gold pieces.

Inventory:

Hand Weapons
 a - a +0 hand axe of chaos (weapon)
Armour
 b - a +2 leather armour
 i - a +0 helmet (worn)
 o - a +0 plate armour (worn)
Jewellery
 h - an uncursed ring of stealth {unknown}
Wands
 n - a wand of flame (17)
 t - a wand of random effects (13)
Scrolls
 d - a scroll of fog {unknown}
 j - a scroll of random uselessness {unknown}
 k - 2 scrolls of enchant weapon {unknown}
 m - a scroll of fear {unknown}
 q - 3 scrolls of identify {unknown}
 r - 3 scrolls of magic mapping {unknown}
 s - a scroll of teleportation
 v - a scroll of remove curse {unknown}
Potions
 e - a potion of flight {unknown}
 f - a potion of haste {unknown}
 g - a potion of cancellation {unknown}
 l - 2 potions of might {unknown}
 p - 2 potions of stabbing {unknown}
 u - 2 potions of curing
 w - 3 potions of heal wounds {unknown}
Comestibles
 c - 10 rations
 x - 4 chunks of flesh


   Skills:
 + Level 6.7(5.2) Fighting
 - Level 3.0(1.6) Axes
 * Level 3.0(1.6) Armour
 - Level 1.0(0.0) Dodging


You had 5 spell levels left.
You didn't know any spells.
Your spell library was empty.

Dungeon Overview and Level Annotations

Branches:
Dungeon (3/15)

Altars:
Kikubaaqudgha


Innate Abilities, Weirdness & Mutations

You can translocate small distances at will.
Your muscles are strong. (Str +2)
Your spells are a little harder to cast, but a little more powerful.
You expend magic power (3 MP) to strengthen your wands.


Message History

You are too injured to fight recklessly!
You are too injured to fight recklessly!
You closely miss the orc priest.
The orc priest is severely wounded.
The orc priest mumbles some strange prayers to Beogh against you.
Pain shoots through your body!
You barely miss the orc priest.
The orc priest is severely wounded.
The orc priest mumbles some strange prayers to Beogh against you.
Beogh smites you!
* * * LOW HITPOINT WARNING * * *
The orc priest hits you but does no damage.
You feel drained. The orc hits you but does no damage.
You feel better.
The orc priest hits you but does no damage.
You feel drained. The orc hits you with a +0 hand axe.
* * * LOW HITPOINT WARNING * * *
The orc priest calls down the wrath of Beogh upon you.
Beogh smites you!
You die...

###....##..#..)###### #
...............# ####
###..##.....#.#### #...
###.....................#
.......##.##.............
#......#.##.........## #
#........##.(.......#
##.......##.........#
##....o@.............
#.....oo..#.........
#.#.....###........
#........##......(.
......[...# . ...........
####.....### ##...##
#####


You could see an orc priest (fast) and 2 orcs.

Vanquished Creatures
  An eye of draining (shapeshifter) (D:2)
  An orc wizard (D:3)
  Jessica (D:3)
  Natasha (thrice) (D:2)
  2 adders
  4 dart slugs (D:1)
  2 leopard geckos (D:2)
  5 orcs (D:3)
  3 giant cockroaches
  8 goblins
  10 hobgoblins
  5 jackals (D:1)
  A quokka (D:2)
  5 bats
  6 frilled lizards
  6 kobolds
  8 rats
71 creatures vanquished.

Vanquished Creatures (collateral kills)
  An orc wizard (D:3)
1 creature vanquished.

Grand Total: 72 creatures vanquished

Notes
Turn   | Place    | Note
-------+----------+-------------------------------------------
     0 | D:1      | grindst0ne the Human Chaos Knight began the quest for the
                  | Orb.
     0 | D:1      | Reached XP level 1. HP: 18/18 MP: 1/1
    40 | D:1      | XOM: silly message
   101 | D:1      | Reached XP level 2. HP: 10/24 MP: 2/2
   246 | D:1      | XOM: divination: magic mapping
   548 | D:1      | Reached skill level 4 in Fighting
   548 | D:1      | Reached XP level 3. HP: 27/30 MP: 3/3
   554 | D:1      | XOM: god gift: 17 stones
   929 | D:1      | XOM: polymorph bat -> dart slug
  1062 | D:1      | XOM: god gift: plate armour {god gift}
  1219 | D:2      | XOM: scenery: 1 doors open
  1273 | D:2      | Noticed Terence
  1286 | D:2      | Noticed Terence
  1286 | D:2      | Terence changed into Terence the shapeshifter
  1286 | D:2      | Noticed Terence
  1286 | D:2      | Terence the shapeshifter changed into Terence the queen bee
  1339 | D:2      | XOM: 1-stop teleportation journey
  1364 | D:2      | Noticed Terence
  1369 | D:2      | Noticed Terence
  1369 | D:2      | Terence the soldier ant changed into Terence the spiny frog
  1392 | D:2      | Noticed Terence
  1392 | D:2      | Terence the spiny frog changed into Terence the blink frog
  1414 | D:2      | XOM: give mutations
  1414 | D:2      | Gained mutation: Your muscles are strong. (Str +2) [Xom's
                  | grace]
  1414 | D:2      | Gained mutation: You are robust. (+10% HP) [Xom's grace]
  1414 | D:2      | Gained mutation: You evolve. [Xom's grace]
  1414 | D:2      | Gained mutation: You expend magic power (3 MP) to
                  | strengthen your wands. [Xom's grace]
  1449 | D:2      | Noticed Terence
  1468 | D:2      | Killed Terence the eye of draining
  1468 | D:2      | Reached skill level 5 in Fighting
  1468 | D:2      | Reached XP level 4. HP: 22/44 MP: 1/4
  1468 | D:2      | Reached XP level 5. HP: 25/50 MP: 1/5
  1529 | D:2      | XOM: cloud trail
  1559 | D:2      | XOM: give mutations
  1559 | D:2      | Gained mutation: Your muscles are very strong. (Str +4)
                  | [Xom's grace]
  1559 | D:2      | Gained mutation: You can translocate small distances at
                  | will. [Xom's grace]
  1718 | D:2      | Found an ancient bone altar of Kikubaaqudgha.
  1718 | D:2      | Noticed Natasha
  1722 | D:2      | Killed Natasha
  1722 | D:2      | Reached skill level 6 in Fighting
  2017 | D:2      | XOM: 2-stop teleportation journey
  2036 | D:2      | Noticed Natasha
  2042 | D:2      | XOM: potion effect (haste)
  2043 | D:2      | Killed Natasha
  2043 | D:2      | Reached XP level 6. HP: 35/57 MP: 6/6
  2115 | D:2      | Noticed Natasha
  2118 | D:2      | Killed Natasha
  2392 | D:2      | XOM: god gift: hand crossbow {god gift}
  2436 | D:2      | XOM: give mutations
  2436 | D:2      | Lost mutation: You evolve. [Xom's mischief]
  2436 | D:2      | Lost mutation: You are robust. (+10% HP) [Xom's mischief]
  2436 | D:2      | Lost mutation: Your muscles are very strong. (Str +4)
                  | [Xom's mischief]
  2436 | D:2      | Gained mutation: Your spells are a little harder to cast,
                  | but a little more powerful. [Xom's mischief]
  2569 | D:3      | Noticed Jessica
  2573 | D:3      | XOM: smoke on damage
  2578 | D:3      | Killed Jessica
  3188 | D:3      | HP: 2/53 [orc priest/divine providence (17)]
  3190 | D:3      | Killed from afar by an orc priest

Illustrated notes

Levels and vault maps discovered:
D:1:      dpeg_arrival_prison, layout_loops_ring, st_stairs_8, minmay_cupped
D:2:      layout_loops_corners, old_standard_altar, minmay_pentomino_s4,
          uniq_terence, uniq_natasha
D:3:      layout_rooms, lemuel_coloured_pillars_altar, uniq_jessica

Skill      XL: |  1  2  3  4  5  6 |
---------------+-------------------+-----
Fighting       | 4 5 6 |  6.7
Armour         | 3 |  3.0
Axes           | |  3.0
Dodging        | |  1.0

Action                   |  1- 3 |  4- 6 || total
-------------------------+-------+-------++-------
Melee: Hand axe          |   123 |   122 ||   245
  Use: Potion            |     1 |     1 ||     2
       Scroll            |     1 |       ||     1
 Stab: Paralysed         |     1 |     1 ||     2
  Eat: Chunk             |     2 |     5 ||     7
Armor: Leather armour    |    80 |    14 ||    94
       Plate armour      |       |    72 ||    72
Dodge: Dodged            |   117 |    53 ||   170
